 Dungeon Crawl Stone Soup version 0.31.0-1-g2c135a0 (webtiles) character file.

Game seed: 11244098735152555271

0 Kel the Trooper (level 1, -2/14 HPs)
             Began as a Gargoyle Berserker on Feb 10, 2024.
             Was a Follower of Trog.
             Slain by a quokka (4 damage)
             ... on level 1 of the Dungeon.
             The game lasted 00:00:15 (65 turns).

Kel the Trooper (Gargoyle Berserker)                  Turns: 65, Time: 00:00:17

Health: -2/14      AC:  4    Str: 20    XL:     1   Next: 10%
Magic:  1/1        EV: 11    Int:  7    God:    Trog [*.....]
Gold:   0          SH:  0    Dex:  9    Spells: 0/0 levels left

rFire   . . .        a - +0 mace
rCold   . . .        (no shield)
rNeg    + . .        b - +0 animal skin
rPois   ∞            (no helmet)
rElec   +            (no cloak)
rCorr   .            (no gloves)
SInv    .            (no boots)
Will    .....        (no amulet)
Stlth   +            (no ring)
HPRegen 0.22/turn    (no ring)
MPRegen 0.07/turn

%: no passive effects
@: no status effects
A: sickness immunity, AC +2, negative energy resistance 1, electricity
resistance, torment resistance 1, petrification resistance
a: Renounce Religion, Berserk


You were on level 1 of the Dungeon.
You worshipped Trog.
Trog was aware of your devotion.
You visited 1 branch of the dungeon, and saw 1 of its levels.

Inventory:

Hand Weapons
 a - a +0 mace (weapon)
Armour
 b - a +0 animal skin (worn)


   Skills:
 * Level 3.3 Fighting
 * Level 3.0 Maces & Flails
 + Level 2.2 Armour
 - Level 1.5 Dodging


You couldn't memorise any spells.
You didn't know any spells.
Your spell library was empty.

Dungeon Overview and Level Annotations

Branches:
Dungeon (1/15)

Altars:


Innate Abilities, Weirdness & Mutations

You are immune to sickness and miasma.
Your stone body is resilient. (AC +2)
You are immune to poison.
You resist negative energy. (rN+)
You are resistant to electric shocks. (rElec)
You are resistant to unholy torment.
You are immune to petrification.


Message History

A quokka is nearby!
A quokka and a rat come into view.
Found a leather armour.
The rat squeaks loudly.
A goblin comes into view. It is wielding a +0 dagger.
The rat closely misses you.
The quokka bites you but does no damage.
The goblin moves out of view.
You barely miss the rat. The quokka closely misses you. The rat bites you.
You closely miss the rat. The quokka bites you.
The rat twitches its whiskers.
The rat misses you.
You closely miss the quokka.
The quokka bites you but does no damage.
The quokka barely misses you. The rat bites you but does no damage.
The quokka bites you.
The quokka bites you but does no damage.
You miss the quokka. The rat bites you. The quokka bites you.
The quokka completely misses you. The rat bites you but does no damage.
The quokka bites you but does no damage.
You hit the quokka.
The quokka is severely wounded.
The quokka bites you but does no damage.
The rat closely misses you.
The quokka bites you but does no damage. x2
You closely miss the quokka.
The quokka is severely wounded.
The quokka barely misses you. The goblin hits you with a +0 dagger.
The rat barely misses you. The quokka bites you.
* * * LOW HITPOINT WARNING * * *
You are too injured to fight recklessly!
You are too injured to fight recklessly!
You are too injured to fight recklessly!
You sock the goblin!
You kill the goblin!
Trog accepts your kill. The quokka closely misses you. The quokka bites you.
* * * LOW HITPOINT WARNING * * *
The rat barely misses you. The quokka bites you.
You die...

##########
##........#
.........#
######........#
........!.....#
......rrr.....#
.....#)@......#
...[..........#
.....#........#
.... #........#
... #..(.....#
..
#........#### .
#......)....#
#######.###.##
#.###..###


You could see 2 quokkas and a rat.

Vanquished Creatures
  A goblin (D:1)
  A kobold (D:1)
2 creatures vanquished.

Notes
Turn   | Place    | Note
-------+----------+-------------------------------------------
     0 | D:1      | Kel the Gargoyle Berserker began the quest for the Orb.
     0 | D:1      | Reached XP level 1. HP: 14/14 MP: 1/1
    65 | D:1      | Slain by a quokka

Illustrated notes

Levels and vault maps discovered:
D:1:      dpeg_arrival_rooms_b, layout_basic, minivault_4

Action                     || total
---------------------------++-------
  Melee: Mace              ||    16
 Armour: Animal skin       ||    27
  Dodge: Dodged            ||    11
